AoeStats
← arenaclown

Northern Isles

510492484Analyzed
1v1 RM · 1d ago on Oct 1, 2026· 47m 42s· 2 players
Game mode
Random Map
Map size
Tiny (2 player)
Population
200
Speed
Normal
Resources
Standard
Victory
Conquest
Starting age
Dark Age
Ending age
Imperial Age
RankedLock teamsTeams togetherTeam positionsShared explorationLock speedFull tech treeHidden civsTurbo modeCheats
Victory
Defeat
🇺🇸 Dravidians · United States
1383
+28
🇳🇴 Italians · Norway
1350
-14
Krypto
10:47 Feudal Age
11:37 Double-Bit Axe
14:54 Gold Mining
18:35 Fletching
20:46 Castle Age
20:18 Loom
20:30 Fishing Lines
21:40 Medium Warships
21:36 Bodkin Arrow
21:42 Gillnets
26:25 Bow Saw
26:15 Stone Mining
27:55 Padded Archer Armor
32:40 Wheelbarrow
32:34 Thumb Ring
36:10 Imperial Age
34:38 Ballistics
35:53 Hand Cart
37:34 Bracer
39:29 Bloodlines
39:20 Husbandry
44:34 Chemistry
44:06 Heavy Warships
arenaclown
11:30 Feudal Age
12:21 Double-Bit Axe
14:53 Castle Age
13:17 Gold Mining
13:53 Fletching
14:15 Forging
15:56 Medium Warships
19:04 Loom
21:03 Bow Saw
20:43 Fishing Lines
24:19 Wheelbarrow
24:54 Horse Collar
26:36 Hand Cart
27:03 Heavy Plow
28:06 Stone Mining
30:50 Imperial Age
28:21 Fletching
29:00 Ballistics
29:27 Bodkin Arrow
29:55 Careening
30:54 Iron Casting
30:11 Town Watch
30:49 Heated Shot
33:01 Shipwright
33:09 Conscription
33:56 Bracer
35:24 Chemistry
35:26 Two-Man Saw
35:20 Dry Dock
36:08 Hoardings
37:54 Padded Archer Armor
39:26 Leather Archer Armor
39:40 Masonry
38:55 Elite Skirmisher
45:15 Clinker Construction
44:45 Elite Cannon Galleon
Connection lost

Rejoining the realm…

Still unreachable

The connection could not be restored.

Session expired

The server has moved on; the page needs a fresh start.